 Dungeon Crawl Stone Soup version 0.30-a0-883-g5ad918d77d (webtiles) character file.

Game seed: 733636950379933326

45 cforsyth the Firebug (level 3, -2/31 HPs)
             Began as an Ogre Fire Elementalist on Mar 18, 2023.
             Slain by Terence
             ... wielding a +0 morningstar
              (12 damage)
             ... on level 1 of the Dungeon.
             The game lasted 00:03:41 (1577 turns).

cforsyth the Firebug (Ogre Fire Elementalist)       Turns: 1577, Time: 00:03:41

Health: -2/31      AC:  3    Str: 12    XL:     3   Next: 64%
Magic:  5/7        EV:  9    Int: 18    God:
Gold:   98         SH:  0    Dex:  9    Spells: 5/8 levels left

rFire   . . .      SeeInvis .    (no weapon)
rCold   . . .      Faith    .    (no shield)
rNeg    . . .      Spirit   .    a - +0 robe
rPois   .          Reflect  .    (helmet restricted)
rElec   .          Rampage  .    (no cloak)
rCorr   .                        (gloves unavailable)
Will    .....                    (boots unavailable)
Stlth   +                        (no amulet)
HPRegen 0.25/turn                (no ring)
MPRegen 0.10/turn                (no ring)

@: no status effects
A: large, unfitting armour, tough skin 1
a: no special abilities


You were on level 1 of the Dungeon.
You visited 1 branch of the dungeon, and saw 2 of its levels.

You collected 98 gold pieces.

Inventory:

Missiles
 l - a throwing net
Armour
 a - a +0 robe (worn)
Jewellery
 f - an amulet of the acrobat
 j - a ring of wizardry
Scrolls
 d - a scroll of immolation {unknown}
 e - 4 scrolls of identify {unknown}
 g - 2 scrolls of enchant weapon {unknown}
 k - a scroll of fog {unknown}
 n - a scroll of noise {unknown}
Potions
 c - a potion of curing {unknown}
 h - a potion of degeneration {unknown}
 i - a potion of mutation {unknown}
 m - 2 potions of brilliance {unknown}


   Skills:
 - Level 1.7 Dodging
 - Level 1.4 Stealth
 + Level 3.2 Spellcasting
 + Level 1.8 Conjurations
 + Level 3.2 Fire Magic


You had 5 spell levels left.
You knew the following spells:

 Your Spells              Type           Power      Damage    Failure   Level
a - Foxfire               Conj/Fire      48%        2x1d6     5%          1
b - Scorch                Fire           28%        2d6       6%          2

Your spell library contained the following spells:

 Spells                   Type           Power      Damage    Failure   Level
 Inner Flame              Hex/Fire       8%         N/A       24%         3
 Kindle Blastsparks       Fire/Tloc/Air  12%        2d11      30%         3
 Flame Wave               Conj/Fire      12%        2d6       50%         4


Dungeon Overview and Level Annotations

Branches:
Dungeon (2/15)

Altars:

Annotations:
D:1 Terence


Innate Abilities, Weirdness & Mutations

You are too large for most types of armour.
You have tough skin. (AC +1)


Message History

You miscast Foxfire.
You are very lightly contaminated with residual magic.
Nothing appears to happen.
Terence shouts!
You conjure some foxfire!
You conjure some foxfire!
The foxfire hits Terence.
Terence is moderately wounded.
You conjure some foxfire!
Terence says, "You're history."
The foxfire hits Terence but does no damage.
Terence is moderately wounded.
The foxfire hits Terence.
Terence is moderately wounded.
Your foxfire dissipates!
The foxfire hits Terence.
Terence is moderately wounded.
Your magical contamination has completely faded away.
Terence hits you with a +0 morningstar!
There is a stone staircase leading up here.
Terence hits you with a +0 morningstar.
You climb upwards.
There is a stone staircase leading down here.
Casting: Foxfire (safe; 5% risk of failure)
Confirm with . or Enter, or press ? or * to list all spells.
Flames lash Terence.
Terence is severely wounded.
Terence's fire resistance burns away.
Terence hits you with a +0 morningstar!
Casting: Scorch (safe; 6% risk of failure)
Confirm with . or Enter, or press ? or * to list all spells.
Flames lash Terence but do no damage.
Terence barely misses you.
Casting: Scorch (safe; 6% risk of failure)
Confirm with . or Enter, or press ? or * to list all spells.
You don't have enough magic to cast this spell.
Magic courses through your body. Terence barely misses you.
Casting: Scorch (safe; 6% risk of failure)
Confirm with . or Enter, or press ? or * to list all spells.
Flames lash Terence.
Terence is burned terribly!
Terence is severely wounded.
Terence hits you with a +0 morningstar!
You die...

#...................
#.#####.#.##..##..#. #.#
##....)...#..). #.#
#..#......#.... #.#
#..#...........
#####.####..####.#......
#...........# #........
#.###.####.## #..######
#.#...@@...#####..#..)..
#.#.##............#.....
#.#..#..#########.#...##
#.#..#......#...#.#...#>
#.##.#....#.#.#.#.#.....
#.##.#..#.#.#.#.#.#)####
#...........#.#.#.#.#...
####.#..#.........#..<#.
#.#............#####.


You could see Terence (combustible).

Vanquished Creatures
  An adder (D:1)
  A worm (D:2)
  A dart slug (D:1)
  4 ball pythons
  3 bats
  2 endoplasms
  A giant cockroach (D:1)
  5 goblins
  A hobgoblin (D:1)
  2 kobolds
  2 quokkas (D:1)
  2 frilled lizards (D:1)
  6 rats
31 creatures vanquished.

Vanquished Creatures (others)
  107 foxfires
107 creatures vanquished.

Grand Total: 138 creatures vanquished

Notes
Turn   | Place    | Note
-------+----------+-------------------------------------------
     0 | D:1      | cforsyth the Ogre Fire Elementalist began the quest for the
                  | Orb.
     0 | D:1      | Reached XP level 1. HP: 16/16 MP: 3/3
    22 | D:1      | Reached skill level 1 in Conjurations
    45 | D:1      | Reached XP level 2. HP: 23/24 MP: 0/5
   928 | D:2      | Reached XP level 3. HP: 31/31 MP: 0/7
  1008 | D:2      | Learned a level 2 spell: Scorch
  1376 | D:2      | Noticed Terence
  1577 | D:1      | Slain by Terence

Illustrated notes

Levels and vault maps discovered:
D:1:      ebering_trefoil_twist, layout_basic
D:2:      minmay_general_purpose_star, layout_loops_ring, basic_altar,
          chequers_serial_rivers_room_b, nicolae_wormholes, uniq_terence

Skill      XL: |  1  2 |
---------------+-------+-----
Conjurations   | 1 |  1.8
Fire Magic     | 3 |  3.2
Spellcasting   | 3 |  3.2
Dodging        | |  1.7
Stealth        | |  1.4

Action                     || total
---------------------------++-------
  Melee: Unarmed           ||     5
   Cast: Foxfire           ||    67
         Scorch            ||     3
    Use: Potion            ||     1
 Armour: Robe              ||    10
  Dodge: Dodged            ||    18

Table legend: (Time is in decaauts)
 A = Elapsed time spent in this place.
 B = Non-inter-level travel time spent in this place.
 C = Inter-level travel time spent in this place.
 D = Time resting spent in this place.
 E = Time spent auto-exploring this place.
 F = Levels seen in this place.
 G = Mean time per level.
                   A        B        C        D        E       F      G
               +--------+--------+--------+--------+--------+-----+--------+
         Total |   1578 |   1562 |     16 |      4 |   1254 |   2 |  789.0 |
       Dungeon |   1578 |   1562 |     16 |      4 |   1254 |   2 |  789.0 |
               +--------+--------+--------+--------+--------+-----+--------+

Top non-repeatable levels by time:
     D:1: 1005 daAuts
     D:2: 573 daAuts
